 Dungeon Crawl Stone Soup version 0.17-a0-1920-gafa4d75 (webtiles) character file.

1106 graki42 the Fighter (level 8, 85/85 HPs)
             Began as a Minotaur Fighter on Sept 27, 2015.
             Was a Believer of Okawaru.
             Quit the game on level 5 of the Dungeon.
             The game lasted 00:11:18 (3900 turns).

graki42 the Fighter (Minotaur Fighter)              Turns: 3900, Time: 00:11:19

Health: 85/85      AC: 10    Str: 22    XL:     8   Next: 11%
Magic:  16/16      EV:  6    Int:  5    God:    Okawaru [**....]
Gold:   192        SH: 11    Dex: 11    Spells: 0 memorised, 7 levels left

rFire  . . .     SeeInvis .     a - +1 war axe
rCold  . . .     Clarity  .     i - +0 chain mail
rNeg   . . .     SustAt   .     c - +1 shield
rPois  .         Gourm    .     (helmet restricted)
rElec  .         Spirit   .     (no cloak)
rCorr  .         Warding  .     (no gloves)
rMut   .         Stasis   .     (no boots)
MR     .....                    (no amulet)
Stlth  ..........               (no ring)
                                f - ring of magical power

@: not resistant to hostile enchantments, extremely unstealthy
A: retaliatory headbutt, horns 2
a: Heroism, Renounce Religion


You were on level 5 of the Dungeon.
You worshipped Okawaru.
Okawaru was pleased with you.
You were near starving.

You visited 1 branch of the dungeon, and saw 5 of its levels.

You collected 192 gold pieces.

Inventory:

Hand weapons
 a - a +1 war axe (weapon)
Armour
 c - a +1 shield (worn)
 i - a +0 chain mail (worn)
Jewellery
 f - a ring of magical power (left hand)
Scrolls
 g - 2 scrolls of remove curse
 h - 4 scrolls of identify
 l - a scroll of enchant armour
 m - a scroll of fog
 n - 2 scrolls of blinking
 p - a scroll of teleportation
 s - a scroll of recharging
Potions
 d - a potion of might
 r - 2 potions of curing
 t - 2 potions of resistance {unknown}
Books
 q - a Necronomicon

   Spells                             Type                      Level
   a - Haunt                          Necromancy/Summoning         7
   b - Borgnjor's Revivification      Necromancy                   8
   c - Death's Door                   Charms/Necromancy            8
   d - Necromutation                  Transmutation/Necromancy     8
Comestibles
 b - a meat ration
 e - 4 bread rations
 j - a slice of pizza
 k - a royal jelly
 o - 7 fruits


   Skills:
 * Level 12.8 Fighting
 * Level 4.3 Axes
 * Level 6.5 Armour
 + Level 1.6 Dodging
 * Level 5.8 Shields


You had 7 spell levels left.
You didn't know any spells.

Dungeon Overview and Level Annotations

Branches:
Dungeon (5/15)
 Temple: D:4-7

Altars:
Dithmenos
Okawaru
Trog


Innate Abilities, Weirdness & Mutations

You reflexively headbutt those who attack you in melee.
You have a pair of horns on your head.


Message History

There is an open door here.
You open the door.
There is an open door here.
You are near starving!
There is an open door here.
Found a shadowy altar of Dithmenos.
You hear the rapid hiss of a distant avalanche of sand.
There is an open door here.
The hiss of flowing sand is almost imperceptible now.
Things that are here:
a trident; a scale mail
There is an open door here.
There is an open door here.
The walls and floor vibrate strangely for a moment.
There is an open door here.
There is a collapsed entrance here.
You can't go down here!
Wear which item? (? for menu, Esc to quit)
Okay, then.
Are you sure you want to abandon this character and quit the game? (Confirm with "yes".)

.......'.).....#.........#.....#.
.......#.......'#####....#.....#.
######'####...'#######'..#'###.#.
..........#####...#...#......####
..........# #.>.#.>.##.....#
..........# #...#...##.....#
..........##############.....#
.<...........##...#...##.....####
.........###.##.@.#.>.##.##......
.........# #..#...#...#..##......
.........# ##.'#######'.###......
.........# #### #### #......
.........# #...... .........#
#...... ########## #######


There were no monsters in sight!

Vanquished Creatures
  Pikel (D:5)
  A phantom (D:4)
  An ogre (D:4)
  The ghost of Sagrath01 the Ruffian, an average DrTm of Nemelex Xobeh (D:3)
  A crimson imp (D:5)
  A hound (D:3)
  An orc priest (D:3)
  2 worker ants
  Robin (D:3)
  6 adders
  3 oozes
  7 worms
  A giant gecko (D:1)
  9 orcs
  4 giant cockroaches
  12 goblins
  5 hobgoblins
  5 quokkas
  A ball python (D:5)
  5 bats
  4 giant newts
  12 kobolds
  A quokka zombie (D:5)
  8 rats
93 creatures vanquished.

Notes
Turn   | Place    | Note
--------------------------------------------------------------
     0 | D:1      | graki42 the Minotaur Fighter began the quest for the Orb.
     0 | D:1      | Reached XP level 1. HP: 19/19 MP: 0/0
   320 | D:1      | Reached skill level 4 in Armour
   320 | D:1      | Reached XP level 2. HP: 24/27 MP: 1/1
   759 | D:2      | Reached XP level 3. HP: 31/33 MP: 2/2
  1253 | D:3      | Noticed Robin
  1261 | D:3      | Reached skill level 12 in Fighting
  1261 | D:3      | Reached XP level 4. HP: 13/57 MP: 3/3
  1265 | D:3      | Noticed Sagrath01's ghost (average DrTm)
  1267 | D:2      | Reached XP level 5. HP: 7/63 MP: 4/4
  1572 | D:3      | Killed Robin
  1600 | D:3      | Killed Sagrath01's ghost
  1600 | D:3      | Reached skill level 5 in Armour
  1640 | D:3      | Reached XP level 6. HP: 23/71 MP: 5/5
  1889 | D:3      | Found a faded altar to an unknown god.
  2089 | D:3      | Found an iron altar of Okawaru.
  2102 | D:3      | Became a worshipper of Warmaster Okawaru
  2212 | D:3      | Reached skill level 5 in Shields
  2390 | D:4      | Reached skill level 1 in Dodging
  2406 | D:4      | Reached XP level 7. HP: 67/78 MP: 6/6
  2736 | D:4      | Noticed a moth of wrath
  2739 | D:4      | Found a bloodstained altar of Trog.
  3214 | D:5      | Entered Level 5 of the Dungeon
  3390 | D:5      | Noticed Pikel
  3397 | D:5      | Killed Pikel
  3397 | D:5      | Acquired Okawaru's first power
  3397 | D:5      | Reached XP level 8. HP: 78/85 MP: 7/7
  3510 | D:5      | Found a sand-covered staircase.
  3702 | D:5      | Found a shadowy altar of Dithmenos.
  3865 | D:5      | Found a shadowy altar of Dithmenos.
  3900 | D:5      | Quit the game

Vault maps used:
D:1:      saegor_arrival_simple_b
D:2:      kennysheep_crisscross
D:3:      okawaru_gym_becter, ecumenical_altar_2, nicolae_underground_beach,
          uniq_robin
D:4:      tgw_trog, lemuel_zombie_altar_kikubaaqudgha, uniq_duvessa
D:5:      nicolae_overflow_hidden_temple, nicolae_ossuary_entry_false_entrances,
          first_bread, lemuel_tele_altar, uniq_pikel

Action                   |  1- 3 |  4- 6 |  7- 9 || total
-------------------------+-------+-------+-------++-------
Melee: War axe           |    81 |    79 |    52 ||   212
  Use: Potion            |     1 |       |     2 ||     3
       Scroll            |       |    11 |     2 ||    13
  Eat: Chunk             |       |     4 |     4 ||     8
